 Dungeon Crawl Stone Soup version 0.28-a0-474-g535839065c (webtiles) character file.

Game seed: 4749113923573537747

76 TrogsFancyHat the Chopper (level 4, 0/39 (41) HPs)
             Began as a Hill Orc Monk on Sept 15, 2021.
             Killed from afar by an orc wizard (6 damage)
             ... with a magic dart
             ... on level 3 of the Dungeon.
             The game lasted 00:05:30 (2208 turns).

TrogsFancyHat the Chopper (Hill Orc Monk)           Turns: 2208, Time: 00:05:31

HP:   0/39 (41)     AC: 10    Str: 14    XL:     4   Next: 32%
MP:   4/4           EV: 19    Int: 10    God:
Gold: 73            SH:  0    Dex: 13    Spells: 3/3 levels left

rFire   + . .      SeeInvis .   a - +0 hand axe
rCold   . . .      Faith    .   (no shield)
rNeg    . . .      Spirit   .   f - +0 plate armour
rPois   .          Reflect  .   (no helmet)
rElec   .          Harm     .   (no cloak)
rCorr   .          Rampage  .   (no gloves)
Will    .....                   (no boots)
Stlth   ..........              g - amulet of the acrobat
HPRegen 0.13/turn               h - ring of protection from fire
MPRegen 0.09/turn               (no ring)

@: acrobatic, lightly drained
A: no striking features
a: no special abilities


You were on level 3 of the Dungeon.
You visited 1 branch of the dungeon, and saw 3 of its levels.

You collected 73 gold pieces.

Inventory:

Hand Weapons
 a - a +0 hand axe (weapon)
Missiles
 c - a throwing net (quivered)
Armour
 f - a +0 plate armour (worn)
Jewellery
 g - an amulet of the acrobat (around neck)
 h - a ring of protection from fire (left hand)
Scrolls
 d - a scroll of identify {unknown}
 i - a scroll of fear {unknown}
 j - 3 scrolls of vulnerability {unknown}
Potions
 b - a potion of curing {unknown}
 e - a potion of brilliance {unknown}


   Skills:
 + Level 4.5 Fighting
 + Level 5.1 Axes
 + Level 3.1 Dodging
 - Level 1.5 Stealth


You had 3 spell levels left.
You didn't know any spells.
Your spell library contained the following spells:

 Spells                   Type           Power      Damage    Failure   Level
 Blink                    Tloc           N/A        N/A       100%        2
 Corpse Rot               Necr/Air       N/A        N/A       100%        2
 Lesser Beckoning         Tloc           0%         N/A       100%        3
 Dispel Undead            Necr           0%         3d6       100%        4
 Manifold Assault         Tloc           0%         N/A       100%        5
 Death Channel            Necr           0%         N/A       100%        6


Dungeon Overview and Level Annotations

Branches:
Dungeon (3/15)

Altars:


Message History

You start resting.
An orc comes into view. It is wielding a +0 flail.
The orc shouts!
A goblin comes into view. It is wielding a +0 club.
The goblin shouts!
You hear a shout!
The goblin unwields a +0 club.
The goblin wields a +0 hunting sling.
The goblin shoots a stone.
The stone misses you.
A kobold comes into view.
It is wielding a +0 short sword and quivering poisoned darts.
The kobold shouts!
A hobgoblin comes into view.
The hobgoblin shouts!
The goblin shoots a stone.
The stone barely misses you.
The kobold throws a poisoned dart.
The poisoned dart misses you.
The goblin shoots a stone.
The stone barely misses you. The hobgoblin closely misses you.
Found a bubbling coppery potion.
Found a stone staircase leading down.
A ball python comes into view.
Found 5 gold pieces.
The ball python hisses angrily.
An endoplasm comes into view.
Found a stone staircase leading up.
The endoplasm quivers.
A worm comes into view.
The ball python closely misses you. The ball python barely misses you.
The ball python misses you. The ball python completely misses you.
An orc and an orc wizard come into view.
The orc shouts!
The orc wizard shouts!
The orc wizard gestures at you while chanting.
The magic dart hits you.
* * * LOW HITPOINT WARNING * * *
An orc comes into view. It is wielding a +0 club.
The orc shouts!
The ball python bites you but does no damage.
The ball python grabs you. The ball python constricts you.
* * * LOW HITPOINT WARNING * * *
You escape the ball python's grasp.
The orc wizard points at you and mumbles some strange words.
The magic dart hits you.
You die...

.............#
.............#
..>...w..........#
.................#
.................###
...... #.$....#...#
.....# #...##J....#
#....# #..o.gS.@..#
#....####..####....#
#..!.o.....# #....#
....#####.######o..#
.#.###.......# #o###
.#..g........# #..
....##.......####o#
###...........# .#
†#######..###.#


You could see an orc wizard, 3 orcs, an endoplasm, a hobgoblin and a ball
python.

Vanquished Creatures
  A hound zombie (D:3)
  3 adders
  A dart slug (D:2)
  3 endoplasms
  3 giant cockroaches
  4 goblins
  2 hobgoblins
  2 kobolds
  A quokka (D:1)
  4 ball pythons
  5 bats
  2 frilled lizards
  A rat (D:2)
32 creatures vanquished.

Notes
Turn   | Place    | Note
-------+----------+-------------------------------------------
     0 | D:1      | TrogsFancyHat the Hill Orc Monk began the quest for the
                  | Orb.
     0 | D:1      | Reached XP level 1. HP: 19/19 MP: 1/1
   420 | D:1      | Reached XP level 2. HP: 23/27 MP: 2/2
   978 | D:1      | Found a faded altar of an unknown god.
  1109 | D:2      | Noticed a necrophage
  1462 | D:2      | Reached XP level 3. HP: 9/28 MP: 3/3
  2129 | D:3      | Reached skill level 5 in Axes
  2129 | D:3      | Reached XP level 4. HP: 24/38 MP: 4/4
  2208 | D:3      | Killed from afar by an orc wizard

Illustrated notes

Levels and vault maps discovered:
D:1:      dpeg_arrival_castle, layout_loops_corners,
          dilly_ecumenical_altar_fadedgnrine, minmay_hexomino_u4
D:2:      layout_basic
D:3:      layout_rooms, nemelex_spade_bored_becter

Skill      XL: |  1  2  3 |
---------------+----------+-----
Fighting       | 4 |  4.5
Dodging        | 3 |  3.1
Axes           | 5 |  5.1
Stealth        | |  1.5

Action                   |  1- 3 |  4- 6 || total
-------------------------+-------+-------++-------
Melee: Hand axe          |   136 |    15 ||   151
 Stab: Sleeping          |     3 |       ||     3
Armor: Robe              |     3 |       ||     3
       Plate armour      |   101 |    11 ||   112
Dodge: Dodged            |    59 |    22 ||    81

Table legend: (Time is in decaauts)
 A = Elapsed time spent in this place.
 B = Non-inter-level travel time spent in this place.
 C = Inter-level travel time spent in this place.
 D = Time resting spent in this place.
 E = Time spent auto-exploring this place.
 F = Levels seen in this place.
 G = Mean time per level.
                   A        B        C        D        E       F      G
               +--------+--------+--------+--------+--------+-----+--------+
         Total |   2226 |   2154 |     72 |    117 |   1465 |   3 |  742.0 |
       Dungeon |   2226 |   2154 |     72 |    117 |   1465 |   3 |  742.0 |
               +--------+--------+--------+--------+--------+-----+--------+

Top non-repeatable levels by time:
     D:1: 1257 daAuts
     D:2: 866 daAuts
     D:3: 101 daAuts
